 Dungeon Crawl Stone Soup version bcrawl-1.18.1 (webtiles) character file.

Game seed: 14481881589093734806

3173 Freyura the Cudgeler (level 9, -12/69 HPs)
             Began as a Demonspawn Fighter on Nov 8, 2019.
             Was a Priest of Makhleb.
             Mangled by an orc warrior
             ... wielding a +0 glaive
              (17 damage)
             ... on level 8 of the Dungeon.
             The game lasted 00:23:07 (8248 turns).

Freyura the Cudgeler (Demonspawn Fighter)           Turns: 8248, Time: 00:23:08

Health: -12/69     AC: 11    Str: 17    XL:     9   Next: 63%
Magic:  13/13      EV: 10    Int: 10    God:    Makhleb [***...]
Gold:   357        SH: 10    Dex: 15    Spells: 8/8 levels left

rFire    . . .     SeeInvis .   q - +2 whip (elec)
rCold    . . .     Gourm    .   c - +0 shield
rNeg     . . .     Faith    .   b - +0 scale mail
rPois    .         Spirit   .   (helmet restricted)
rElec    .         Reflect  .   (no cloak)
rCorr    .         Harm     .   (no gloves)
MR       .....                  k - +1 pair of boots
Stlth    +.........             (no amulet)
HPRegen  0.21/turn              (no ring)
MPRegen  0.13/turn              (no ring)

@: no status effects
A: antennae 1, icy blue scales 1, foul stench 1, nightstalker 1, rot immunity
a: Minor Destruction, Lesser Servant of Makhleb, Renounce Religion


You were on level 8 of the Dungeon.
You worshipped Makhleb.
Makhleb was most pleased with you.
You were not hungry.

You visited 1 branch of the dungeon, and saw 8 of its levels.
You also visited: Sewer.

You collected 555 gold pieces.
You spent 198 gold pieces at shops.

Inventory:

Hand Weapons
 q - a +2 whip of electrocution (weapon)
Missiles
 l - a throwing net (quivered) {!f}
Armour
 b - a +0 scale mail (worn)
 c - a +0 shield (worn)
 k - a +1 pair of boots (worn)
 t - a +0 chain mail
Wands
 a - a wand of paralysis (6)
 u - a wand of polymorph (13)
 y - a wand of flame (21)
Scrolls
 d - a scroll of amnesia
 i - a scroll of vulnerability {unknown}
 j - 2 scrolls of fear
 m - a scroll of teleportation
Potions
 e - a potion of flight
 g - 2 potions of curing
 h - a potion of haste
 n - a potion of heal wounds
 o - 3 potions of lignification
 p - a potion of brilliance
 r - a potion of magic {unknown}
 s - 3 potions of ambrosia
Comestibles
 f - 9 rations {!d}


   Skills:
 + Level 6.0 Fighting
 * Level 7.0 Maces & Flails
 + Level 5.4 Armour
 + Level 4.4 Dodging
 + Level 5.4 Shields
 + Level 6.2 Invocations


You had 8 spell levels left.
You didn't know any spells.
Your spell library contained the following spells:

 Spells                   Type           Power        Failure   Level  Hunger
 Corona                   Hex            #......      99%         1    ##.....
 Summon Small Mammal      Summ           #...         99%         1    ##.....
 Call Imp                 Summ           #.....       99%         2    ###....
 Shackle                  Hex            #.......     99%         2    ###....
 Call Canine Familiar     Summ           #.......     100%        3    ####...
 False Image              Hex/Summ       #.......     100%        3    ####...
 Inner Flame              Hex/Fire       N/A          100%        3    ####...
 Cause Fear               Hex            #.........   100%        4    #####..
 Summon Ice Beast         Ice/Summ       #.......     100%        4    #####..
 Yara's Violent Unravell  Hex/Tmut       #.........   100%        4    #####..
 Summon Lightning Spire   Summ/Air       #.......     100%        5    ######.


Dungeon Overview and Level Annotations

Branches:
Dungeon (8/12)             Temple (0/1) D:7            Lair (0/6) D:8
    Orc: D:8-11

Altars:
Cheibriados
Fedhas
Hepliaklqana
Makhleb
Okawaru
Sif Muna
Trog
Uskayaw
Vehumet
Zin
The Shining One

Shops:
D:5 (


Innate Abilities, Weirdness & Mutations

You have a pair of small antennae on your head.
You are partially covered in icy blue scales. (AC +2)
You may emit foul miasma when damaged in melee.
You are slightly more attuned to the shadows.
You are immune to rotting.


Message History

A wolf comes into view.
Items here: ))) [ †††† A jackal comes into view.
The wolf howls!
You hear a shout!
The orc warrior hits you with a +0 glaive!
* * * LOW HITPOINT WARNING * * *
The orc warrior looks sick.
You hit the orc warrior but do no damage.
You block the orc warrior's attack.
You hit the orc warrior but do no damage.
The wolf bites you but does no damage. The wolf bites you.
* * * LOW HITPOINT WARNING * * *
The wolf looks sick.
You hit the orc warrior.
Lightning courses through the orc warrior!
The orc warrior is almost dead.
The wolf barely misses you. You block the orc warrior's attack.
A wolf comes into view.
The orc warrior hits you with a +0 glaive!
You die...

##...## *,≈,,≈,≈≈≈≈≈≈≈,,≈,≈,≈,,,*
#.....##*,,,..≈≈≈≈≈≈≈,,,,,,,,,,,*
.......##**##.#.#.#*,****,,,,,,,*
........#*##......**,*****,,,****
........+,,....)..,,,,,,,,,,,,,,+
........#***,....#**,*****,,,****
.......## **,#.h###h# *,,,,,**
#.....## **#oh....# *,,,,,*
.#...## ##@##### *,,,,,*
.##+###### #†# *,,,,,* .##......#
#.# *,,,,,* .##..###.# #.#
***,*** .##..#...## #.# *,*
..........######.# *,****
.........).......# **,**,,
.#........######## *,,,,,,
###......## *,,,,,*


You could see an orc warrior, 2 wolves and a jackal.

Vanquished Creatures
  Prince Ribbit (D:7)
  3 hippogriffs
  A spriggan (shapeshifter) (D:8)
  Duvessa (D:7)
  An ice beast (D:8)
  4 phantoms
  2 ogres (D:4)
  A centaur (D:7)
  3 big kobolds
  2 bullfrogs
  Dowan (D:7)
  A scorpion (D:5)
  2 crimson imps
  An iron imp (D:5)
  A jelly (D:6)
  2 hounds
  5 orc priests
  A bullfrog skeleton (D:3)
  2 centaur skeletons
  An iguana (D:4)
  2 orc wizards (D:5)
  7 worker ants
  A hound zombie (D:6)
  A hound skeleton (D:7)
  4 river rats
  10 adders
  4 gnolls (D:6)
  A shadow imp (D:7)
  8 oozes
  An adder skeleton (D:7)
  7 worms
  2 dart slugs
  7 leopard geckos
  11 orcs
  5 ball pythons
  5 giant cockroaches
  6 hobgoblins
  15 jackals
  2 quokkas
  5 bats
  2 frilled lizards
  3 goblins
  19 kobolds
  A leopard gecko skeleton (D:4)
  6 rats
171 creatures vanquished.

Notes
Turn   | Place    | Note
-------+----------+-------------------------------------------
     0 | D:1      | Freyura the Demonspawn Fighter began the quest for the Orb.
     0 | D:1      | Reached XP level 1. HP: 18/18 MP: 1/1
    68 | D:1      | Reached skill level 2 in Maces & Flails
    87 | D:1      | Gained mutation: You have a pair of small antennae on your
                  | head. [demonic ancestry]
    87 | D:1      | Reached XP level 2. HP: 5/24 MP: 2/2
  1140 | D:2      | Noticed an angel
  1141 | D:2      | Found a glowing silver altar of Zin.
  1184 | D:2      | Gained mutation: You are immune to rotting. [demonic
                  | ancestry]
  1184 | D:2      | Reached XP level 3. HP: 29/29 MP: 3/3
  1898 | D:2      | Found a burning altar of Makhleb.
  1910 | D:2      | Became a worshipper of Makhleb the Destroyer
  1924 | D:2      | Reached skill level 1 in Dodging
  1924 | D:2      | Reached XP level 4. HP: 29/35 MP: 4/4
  2522 | D:3      | Reached skill level 1 in Invocations
  2600 | D:3      | Reached skill level 3 in Maces & Flails
  2600 | D:3      | Reached XP level 5. HP: 21/41 MP: 5/5
  3536 | D:4      | Noticed a hippogriff
  3547 | D:4      | Killed a hippogriff
  3547 | D:4      | Gained mutation: You are slightly more attuned to the
                  | shadows. [demonic ancestry]
  3547 | D:4      | Reached XP level 6. HP: 11/48 MP: 7/7
  4116 | D:4      | Reached skill level 4 in Maces & Flails
  4116 | D:4      | Gained mutation: You are partially covered in icy blue
                  | scales. (AC +2) [demonic ancestry]
  4116 | D:4      | Reached XP level 7. HP: 54/54 MP: 7/9
  4175 | D:4      | Found a radiant altar of Vehumet.
  4176 | D:4      | Found a blossoming altar of Fedhas.
  4176 | D:4      | Found a glowing golden altar of the Shining One.
  4176 | D:4      | Found a bloodstained altar of Trog.
  4670 | D:5      | Entered Level 5 of the Dungeon
  4705 | D:5      | Found a shimmering blue altar of Sif Muna.
  4989 | D:5      | Found a glowing drain.
  5025 | Sewer    | Entered a sewer
  5128 | Sewer    | Reached * piety under Makhleb
  5786 | D:5      | Gained mutation: You may emit foul miasma when damaged in
                  | melee. [demonic ancestry]
  5786 | D:5      | Reached XP level 8. HP: 59/61 MP: 10/10
  5805 | D:5      | Reached ** piety under Makhleb
  5807 | D:5      | Found a hide-covered altar of Uskayaw.
  5932 | D:5      | Reached skill level 5 in Maces & Flails
  6269 | D:5      | Found Davygoef's Weapon Shoppe.
  6275 | D:5      | Bought a +1 whip of electrocution for 198 gold pieces
  6307 | D:5      | Found a snail-covered altar of Cheibriados.
  6916 | D:6      | Noticed a hippogriff
  6924 | D:6      | Killed a hippogriff
  6924 | D:6      | Reached skill level 5 in Fighting
  7357 | D:7      | Noticed Duvessa
  7357 | D:7      | Noticed Dowan
  7365 | D:7      | Killed Duvessa
  7365 | D:7      | Reached skill level 6 in Maces & Flails
  7365 | D:7      | Reached skill level 5 in Invocations
  7370 | D:7      | Killed Dowan
  7406 | D:7      | Reached XP level 9. HP: 68/68 MP: 12/12
  7421 | D:7      | Found an iron altar of Okawaru.
  7442 | D:7      | Reached skill level 5 in Shields
  7549 | D:7      | Found a staircase to the Ecumenical Temple.
  7588 | D:7      | Found a hazy altar of Hepliaklqana.
  7608 | D:7      | Reached skill level 5 in Armour
  7629 | D:7      | Noticed Prince Ribbit
  7664 | D:7      | Killed Prince Ribbit
  7772 | D:7      | Reached *** piety under Makhleb
  8237 | D:8      | Reached skill level 7 in Maces & Flails
  8248 | D:8      | Mangled by an orc warrior

Skill      XL: |  1  2  3  4  5  6  7  8  9 |
---------------+----------------------------+-----
Maces & Flails | 2 3 4 6 7 |  7.0
Shields        | 3 4 5 |  5.4
Armour         | 3 4 5 |  5.4
Dodging        | 1 2 3 4 |  4.4
Invocations    | 1 2 3 5 6 |  6.2
Fighting       | 4 5 6 |  6.0

Action                   |  1- 3 |  4- 6 |  7- 9 || total
-------------------------+-------+-------+-------++-------
Melee: Flail             |   174 |   128 |   379 ||   681
       Whip              |       |       |   256 ||   256
  Use: Scroll            |       |    10 |     8 ||    18
       Potion            |       |     2 |     1 ||     3
 Stab: Sleeping          |       |     1 |     1 ||     2
  Eat: Chunk             |     3 |     5 |     3 ||    11
       Ration            |       |     1 |     4 ||     5
Armor: Scale mail        |    79 |    58 |   244 ||   381
Dodge: Dodged            |    41 |    44 |   230 ||   315
Block: Shield            |    95 |    63 |   311 ||   469
